 Dungeon Crawl Stone Soup version 0.18-a0-1157-g59db91b (webtiles) character file.

41 st0uf the Ruffian (level 3, -6/28 HPs)
             Began as a Draconian Transmuter on Jan 23, 2016.
             Mangled by a worm (12 damage)
             ... on level 2 of the Dungeon.
             The game lasted 00:05:50 (1699 turns).

st0uf the Ruffian (Draconian Transmuter)            Turns: 1699, Time: 00:05:50

Health: -6/28      AC:  5    Str: 12    XL:     3   Next: 32%
Magic:  4/6        EV: 12    Int: 14    God:
Gold:   88         SH:  0    Dex: 11    Spells: 3 memorised, 0 levels left

rFire  . . .     SeeInvis .       - Unarmed
rCold  . . .     Gourm    .     (armour unavailable)
rNeg   . . .     Faith    .     (no shield)
rPois  .         Spirit   .     (helmet restricted)
rElec  .         Dismiss  .     (no cloak)
rCorr  .         Reflect  .     (no gloves)
SustAt .         Harm     .     (no boots)
MR     .....                    (no amulet)
Stlth  +.........               (no ring)
                                (no ring)

@: appendage, very slightly contaminated, not resistant to hostile enchantments,
very unstealthy
A: unfitting armour, horns 2, cold-blooded, AC +5
a: End Transformation


You were on level 2 of the Dungeon.
You were not hungry.
You had grown temporary horns.
You visited 1 branch of the dungeon, and saw 2 of its levels.

You collected 88 gold pieces.

Inventory:

Missiles
 a - 10 arrows
Scrolls
 e - 2 scrolls of blinking {unknown}
 f - a scroll of noise {unknown}
 h - 2 scrolls of amnesia {unknown}
 i - a scroll of magic mapping {unknown}
 j - a scroll of identify {unknown}
 n - a scroll of fog {unknown}
Potions
 d - a potion of flight {unknown}
 g - a potion of heal wounds {unknown}
 k - a potion of lignification {unknown}
 l - a potion of poison {unknown}
Books
 b - a book of Changes

   Spells                             Type                      Level
   a - Beastly Appendage              Transmutation                1
   b - Sticks to Snakes               Transmutation                2
   c - Spider Form                    Transmutation/Poison         3
   d - Ice Form                       Ice/Transmutation            4
   e - Blade Hands                    Transmutation                5
Comestibles
 c - a bread ration
 m - 3 chunks of flesh


   Skills:
 - Level 1.1 Fighting
 + Level 2.2 Dodging
 + Level 4.0 Unarmed Combat
 - Level 2.0 Spellcasting
 + Level 2.1 Transmutations


You couldn't memorise any spells.
You knew the following spells:

 Your Spells              Type           Power        Failure   Level  Hunger
a - Beastly Appendage     Trmt           #.....       12%         1    ##.....
b - Sticks to Snakes      Trmt           #.......     17%         2    ###....
c - Spider Form           Trmt/Pois      #.........   47%         3    ####...


Dungeon Overview and Level Annotations

Branches:
Dungeon (2/15)

Altars:


Innate Abilities, Weirdness & Mutations

Your plain brown scales are hard (AC +5).
Your body does not fit into most forms of armour.
You are cold-blooded and may be slowed by cold attacks.
You have a pair of horns on your head.


Message History

Nothing appears to happen.
Casting: Beastly Appendage
Confirm with . or Enter, or press ? or * to list all spells.
You grow a pair of large bovine horns.
You hit the worm.
The worm is moderately wounded.
You hit the worm but do no damage. You tail-slap the worm.
You punch the worm, but do no damage.
The worm is moderately wounded.
The worm bites you!
You barely miss the worm. You headbutt the worm.
The worm is heavily wounded.
The worm bites you!
* * * LOW HITPOINT WARNING * * *
You hit the worm but do no damage.
The worm is heavily wounded.
You barely miss the worm.
The worm is heavily wounded.
The worm bites you!
You die...

#........#.##.##............#
####..##.#.##.##............#
#..##.#.##.##............#
#...#.#.# #........#####
#####.#.#.#.## ##.......# ...
..#...#.##. #.......#
..######..#.##.###.......#
...............w.........#
..######..#.##..@....#####
..#######....+.......#
........#...##.......#
......# ##..##.......#
......# #.>##.......# ......#
##+#....##### ......#
#.......# #.#####.##.......#
#..................


You could see a worm.

Vanquished Creatures
  3 giant geckos
  An orc (D:2)
  6 giant cockroaches
  2 goblins (D:1)
  5 hobgoblins (D:1)
  A jackal (D:1)
  3 kobolds
  A quokka (D:2)
  4 bats (D:1)
  5 giant newts
  3 rats
34 creatures vanquished.

Vanquished Creatures (collateral kills)
  A bat (D:2)
1 creature vanquished.

Grand Total: 35 creatures vanquished

Notes
Turn   | Place    | Note
--------------------------------------------------------------
     0 | D:1      | st0uf the Draconian Transmuter began the quest for the Orb.
     0 | D:1      | Reached XP level 1. HP: 16/16 MP: 3/3
    95 | D:1      | Reached XP level 2. HP: 18/23 MP: 3/5
   965 | D:1      | Reached XP level 3. HP: 26/28 MP: 4/6
   979 | D:1      | Learned a level 2 spell: Sticks to Snakes
   983 | D:1      | Learned a level 3 spell: Spider Form
  1183 | D:1      | Reached skill level 4 in Unarmed Combat
  1699 | D:2      | Mangled by a worm

Vault maps used:
D:1:      shiori_arrival_elements, st_stairs_5
D:2:      lemuel_coloured_pillars_altar

Action                   || total
-------------------------++-------
Melee: Unarmed           ||   146
 Cast: Beastly Appendage ||    21
       Sticks to Snakes  ||     2
 Stab: Sleeping          ||     1
  Eat: Chunk             ||     3
